| TOP OF THE 1ST |
|
University of Florida Gators batting - Pitching for Redlands East Valley Wildcats : RHP Adhamhnan Muljana
|
|
Pitching: RHP Adhamhnan Muljana
|
|
|
Batting: RHB Jiao-long Zhào
|
0-0: Ground out 6-3 (Groundball, 6, EV 106.2 MPH)
|
|
Batting: SHB Tokuichi Ishida
|
0-0: Ball 1-0: Called Strike 1-1: Ball 2-1: Called Strike 2-2: Ball 3-2: Ground out U3 (Groundball, 3, EV 91.9 MPH)
|
|
Batting: RHB Gong-sun Law
|
0-0: Ball 1-0: Ball 2-0: Foul Ball, location: 2F 2-1: Called Strike 2-2: Strikes out swinging
|
| Top of the 1st over - 0 runs, 0 hits, 0 errors, 0 left on base; University of Florida 0 - Redlands East Valley 0 |
| BOTTOM OF THE 1ST |
|
Redlands East Valley Wildcats batting - Pitching for University of Florida Gators : RHP Mike Brandon
|
|
Pitching: RHP Mike Brandon
|
|
|
Batting: RHB Alex Freyre
|
0-0: Ball 1-0: Ball 2-0: Ball 3-0: Called Strike 3-1: Fly out, F7 (Line Drive, 7, EV 90.0 MPH)
|
|
Batting: LHB Jim Snell
|
0-0: Ball 1-0: Called Strike 1-1: Fly out, F7 (Flyball, 78S, EV 91.9 MPH)
|
|
Batting: SHB Jason Pugh
|
0-0: Called Strike 0-1: Foul Ball, location: 2F 0-2: Strikes out swinging
|
| Bottom of the 1st over - 0 runs, 0 hits, 0 errors, 0 left on base; University of Florida 0 - Redlands East Valley 0 |
| TOP OF THE 2ND |
|
University of Florida Gators batting - Pitching for Redlands East Valley Wildcats : RHP Adhamhnan Muljana
|
|
Pitching: RHP Patrick Wilcox
|
|
|
Batting: SHB Nelson Carachure
|
0-0: Ball 1-0: Swinging Strike 1-1: Ball 2-1: Foul Ball, location: 2F 2-2: Foul Ball, location: 2F 2-2: SOLO HOME RUN (Flyball, 89XD, EV 115.0 MPH), Distance : 436 ft
|
|
Batting: LHB Davey Groen
|
0-0: Ball 1-0: SINGLE (Groundball, 34D, EV 99.4 MPH)
|
|
Batting: RHB Lião Weishampt
|
0-0: Ball 1-0: Ball Davey Groen is caught stealing 2nd base 2-4 2-0: Fly out, F8 (Flyball, 8RM, EV 91.2 MPH)
|
|
Batting: RHB Jae-won Kwon
|
0-0: Called Strike 0-1: Ground out 6-3 (Groundball, 56, EV 91.9 MPH)
|
| Top of the 2nd over - 1 run, 2 hits, 0 errors, 0 left on base; University of Florida 1 - Redlands East Valley 0 |
| BOTTOM OF THE 2ND |
|
Redlands East Valley Wildcats batting - Pitching for University of Florida Gators : RHP Mike Brandon
|
|
Batting: LHB Yong-chul Ou
|
0-0: Ground out 4-3 (Groundball, 4, EV 86.2 MPH)
|
|
Batting: LHB Eddie Montiel
|
0-0: Ball 1-0: Ball 2-0: SINGLE (Groundball, 5S, EV 67.5 MPH) (infield hit)
|
|
Batting: SHB John Loechel
|
0-0: Called Strike 0-1: Ball 1-1: Foul Ball, location: 2F 1-2: Ball Wild Pitch! Eddie Montiel to second 2-2: Ground out 4-3 (Groundball, 4, EV 80.6 MPH) Eddie Montiel to third
|
|
Batting: RHB Mark Marchi
|
0-0: Called Strike 0-1: Foul Ball, location: 2F 0-2: Ball 1-2: Foul Ball, location: 2F 1-2: Ball 2-2: Strikes out looking
|
| Bottom of the 2nd over - 0 runs, 1 hit, 0 errors, 1 left on base; University of Florida 1 - Redlands East Valley 0 |
| TOP OF THE 3RD |
|
University of Florida Gators batting - Pitching for Redlands East Valley Wildcats : RHP Patrick Wilcox
|
|
Batting: RHB Josh Curtis
|
0-0: Called Strike 0-1: Ball 1-1: Ball 2-1: Foul Ball, location: 2F 2-2: Foul Ball, location: 2F 2-2: Ball 3-2: Foul Ball, location: 2F 3-2: Ground out 5-3 (Groundball, 56, EV 98.1 MPH)
|
|
Batting: RHB Conz Laufenberg
|
0-0: Called Strike 0-1: Swinging Strike 0-2: Ball 1-2: Ball 2-2: Foul Ball, location: 2F 2-2: Strikes out swinging
|
|
Batting: RHB Jiao-long Zhào
|
0-0: Ball 1-0: Ball 2-0: Foul Ball, location: 2F 2-1: Foul Ball, location: 2F 2-2: Strikes out swinging
|
| Top of the 3rd over - 0 runs, 0 hits, 0 errors, 0 left on base; University of Florida 1 - Redlands East Valley 0 |
| BOTTOM OF THE 3RD |
|
Redlands East Valley Wildcats batting - Pitching for University of Florida Gators : RHP Mike Brandon
|
|
Batting: RHB Takayashi Hori
|
0-0: Foul Ball, location: 2F 0-1: Ball 1-1: Foul Ball, location: 2F 1-2: Foul Ball, location: 2F 1-2: Ball 2-2: Fly out, F8 (Flyball, 8RM, EV 95.0 MPH)
|
|
Batting: RHB Po-fu Nan
|
0-0: Ball 1-0: Reached on error, E5 (Groundball, 5L, EV 81.2 MPH)
|
|
Batting: RHB Alex Freyre
|
0-0: Called Strike 0-1: Foul Ball, location: 2F 0-2: Ball 1-2: Strikes out looking
|
|
Batting: LHB Jim Snell
|
0-0: Called Strike 0-1: Called Strike 0-2: Strikes out looking
|
| Bottom of the 3rd over - 0 runs, 0 hits, 1 error, 1 left on base; University of Florida 1 - Redlands East Valley 0 |
| TOP OF THE 4TH |
|
University of Florida Gators batting - Pitching for Redlands East Valley Wildcats : RHP Patrick Wilcox
|
|
Pitching: RHP John Case
|
|
|
Batting: SHB Tokuichi Ishida
|
0-0: Ground out 1-3 (Groundball, P, EV 68.1 MPH)
|
|
Batting: RHB Gong-sun Law
|
0-0: Called Strike 0-1: Ball 1-1: Swinging Strike 1-2: Fly out, F9 (Flyball, 9LS, EV 78.8 MPH)
|
|
Batting: SHB Nelson Carachure
|
0-0: Ball 1-0: Ball 2-0: Ball 3-0: Called Strike 3-1: Base on Balls
|
|
Batting: LHB Davey Groen
|
0-0: Called Strike Nelson Carachure is caught stealing 2nd base 2-6
|
| Top of the 4th over - 0 runs, 0 hits, 0 errors, 0 left on base; University of Florida 1 - Redlands East Valley 0 |
| BOTTOM OF THE 4TH |
|
Redlands East Valley Wildcats batting - Pitching for University of Florida Gators : RHP Mike Brandon
|
|
Batting: SHB Jason Pugh
|
0-0: Ground out U3 (Groundball, 3S, EV 68.1 MPH)
|
|
Batting: LHB Yong-chul Ou
|
0-0: Ball 1-0: Ball 2-0: Fly out, F8 (Line Drive, 78M, EV 95.0 MPH)
|
|
Batting: LHB Eddie Montiel
|
0-0: Ball 1-0: Foul Ball, location: 2F 1-1: Ball 2-1: Ball 3-1: Base on Balls
|
|
Batting: SHB John Loechel
|
0-0: Ball 1-0: Called Strike 1-1: Ball Eddie Montiel is caught stealing 2nd base 2-6
|
| Bottom of the 4th over - 0 runs, 0 hits, 0 errors, 0 left on base; University of Florida 1 - Redlands East Valley 0 |
| TOP OF THE 5TH |
|
University of Florida Gators batting - Pitching for Redlands East Valley Wildcats : RHP John Case
|
|
Now in LF: Steve Lane
|
|
|
Now in CF: Kris Zimbalist
|
|
|
Now in RF: Joe McKinzie
|
|
|
Batting: LHB Davey Groen
|
0-0: Foul Ball, location: 2F 0-1: Swinging Strike 0-2: Ground out 4-3 (Groundball, 4, EV 86.2 MPH)
|
|
Batting: RHB Lião Weishampt
|
0-0: Ball 1-0: Called Strike 1-1: Ball 2-1: Foul Ball, location: 2F 2-2: Strikes out looking
|
|
Batting: RHB Jae-won Kwon
|
0-0: Ball 1-0: Foul Ball, location: 2F 1-1: Ball 2-1: Swinging Strike 2-2: Hit by Pitch
|
|
Batting: RHB Josh Curtis
|
0-0: Ball 1-0: Ball 2-0: Fielders Choice at 2nd, 6-4 (Groundball, 6, EV 81.2 MPH)
|
| Top of the 5th over - 0 runs, 0 hits, 0 errors, 1 left on base; University of Florida 1 - Redlands East Valley 0 |
| BOTTOM OF THE 5TH |
|
Redlands East Valley Wildcats batting - Pitching for University of Florida Gators : RHP Mike Brandon
|
|
Now at 1B: Manny Harrison
|
|
|
Now at SS: Dante Cossiga
|
|
|
Now in LF: Keith Kamerling
|
|
|
Now in RF: Joy-shan Zhu
|
|
|
Batting: SHB John Loechel
|
0-0: Called Strike 0-1: Foul Ball, location: 2F 0-2: Foul Ball, location: 2F 0-2: Foul Ball, location: 2F 0-2: Strikes out looking
|
|
Batting: RHB Mark Marchi
|
0-0: Called Strike 0-1: Ball 1-1: Ground out 1-3 (Groundball, 15S, EV 75.0 MPH)
|
|
Batting: RHB Takayashi Hori
|
0-0: Ball 1-0: Called Strike 1-1: Ball 2-1: Ball 3-1: Fly out, F8 (Flyball, 8LD, EV 100.0 MPH)
|
| Bottom of the 5th over - 0 runs, 0 hits, 0 errors, 0 left on base; University of Florida 1 - Redlands East Valley 0 |
| TOP OF THE 6TH |
|
University of Florida Gators batting - Pitching for Redlands East Valley Wildcats : RHP John Case
|
|
Pitching: RHP Mario Viera
|
|
|
Now at 1B: Lenz Garfinkel
|
|
|
Now at SS: Jeremy Evans
|
|
|
Batting: RHB Conz Laufenberg
|
0-0: Called Strike 0-1: Foul Ball, location: 2F 0-2: SINGLE (Groundball, 4MD, EV 103.1 MPH)
|
|
Pinch Hitting: LHB Juan Cadavid
|
0-0: Foul Ball, location: 2F 0-1: Swinging Strike 0-2: Ball 1-2: Reached on error, E4 (Groundball, 34, EV 101.9 MPH) Conz Laufenberg to second
|
|
Batting: LHB Roy Davies
|
0-0: Ball 1-0: Lines into TRIPLE play, 1-6-3 (Line Drive, P, EV 75.6 MPH)
|
| Top of the 6th over - 0 runs, 1 hit, 1 error, 0 left on base; University of Florida 1 - Redlands East Valley 0 |
| BOTTOM OF THE 6TH |
|
Redlands East Valley Wildcats batting - Pitching for University of Florida Gators : RHP Mike Brandon
|
|
Pitching: RHP Gwang-sam Choe
|
|
|
Now at 3B: Juan Lopez
|
|
|
Now in CF: Hiromichi Takamoto
|
|
|
Pinch Hitting: LHB B.J. Ferguson
|
0-0: Called Strike 0-1: Foul Ball, location: 2F 0-2: Ball 1-2: Ground out 5-3 (Groundball, 5L, EV 93.8 MPH)
|
|
Batting: RHB Joe McKinzie
|
0-0: Called Strike 0-1: Foul Ball, location: 2F 0-2: Fly out, F8 (Flyball, 8RD, EV 98.1 MPH)
|
|
Pitching: LHP Alex Zepeda
|
|
|
Batting: LHB Steve Lane
|
0-0: Called Strike 0-1: Ball 1-1: Swinging Strike 1-2: Ball 2-2: Ball 3-2: Fly out, F8 (Flyball, 8RXD, EV 82.5 MPH)
|
| Bottom of the 6th over - 0 runs, 0 hits, 0 errors, 0 left on base; University of Florida 1 - Redlands East Valley 0 |
| TOP OF THE 7TH |
|
University of Florida Gators batting - Pitching for Redlands East Valley Wildcats : RHP Mario Viera
|
|
Now at 2B: Felipe Lara
|
|
|
Batting: RHB Manny Harrison
|
0-0: Foul Ball, location: 2F 0-1: Foul Ball, location: 2F 0-2: Ball 1-2: Ball 2-2: Fly out, F3 (Popup, 3F, EV 71.9 MPH)
|
|
Batting: RHB Keith Kamerling
|
0-0: Foul Ball, location: 2F 0-1: Ball 1-1: Ball 2-1: SINGLE (Groundball, 6D, EV 95.0 MPH)
|
|
Batting: RHB Hiromichi Takamoto
|
0-0: Ball 1-0: Ball 2-0: Ball 3-0: Called Strike 3-1: Base on Balls Keith Kamerling to second
|
|
Batting: RHB Dante Cossiga
|
0-0: Foul Ball, location: 2F 0-1: SINGLE (Groundball, 56, EV 105.0 MPH) Keith Kamerling to third Hiromichi Takamoto to second Runner from 3rd tries for Home, SAFE, throw by LF to home
|
|
Batting: RHB Joy-shan Zhu
|
0-0: Ball 1-0: Reached on error, E6 (Groundball, 6, EV 90.6 MPH) Hiromichi Takamoto to third Dante Cossiga to second
|
|
Batting: RHB Josh Curtis
|
0-0: Ball 1-0: Ball 2-0: Called Strike 2-1: Called Strike 2-2: Ball 3-2: Foul Ball, location: 2F 3-2: Base on Balls Hiromichi Takamoto scores Dante Cossiga to third Joy-shan Zhu to second
|
|
Pitching: RHP Tyler Van der Lugt
|
|
|
Pinch Hitting: RHB Hyo-kon Lee
|
0-0: Ball 1-0: Called Strike 1-1: Ball 2-1: Ball 3-1: Base on Balls Dante Cossiga scores Joy-shan Zhu to third Josh Curtis to second
|
|
Batting: RHB Juan Lopez
|
0-0: Ball 1-0: Foul Ball, location: 2F 1-1: Fly out, F8 (Line Drive, 8LM, EV 97.5 MPH) Runner from 3rd tags up, SCORES, throw by CF
|
|
Batting: LHB Roy Davies
|
0-0: Ball 1-0: Called Strike 1-1: Ground out U3 (Groundball, 3, EV 102.5 MPH)
|
| Top of the 7th over - 4 runs, 2 hits, 1 error, 2 left on base; University of Florida 5 - Redlands East Valley 0 |
| BOTTOM OF THE 7TH |
|
Redlands East Valley Wildcats batting - Pitching for University of Florida Gators : LHP Alex Zepeda
|
|
Pitching: LHP Bill White
|
|
|
Now at 2B: Michael Medina
|
|
|
Batting: LHB Kris Zimbalist
|
0-0: Called Strike 0-1: Ball 1-1: Called Strike 1-2: Ball 2-2: Ball 3-2: Fly out, F8 (Flyball, 78D, EV 94.4 MPH)
|
|
Batting: RHB Justin Thomas
|
0-0: Called Strike 0-1: Ground out 6-3 (Groundball, 6, EV 78.8 MPH)
|
|
Pinch Hitting: RHB Nick Pothier
|
0-0: Ball 1-0: Called Strike 1-1: Swinging Strike 1-2: Ball 2-2: Strikes out swinging, 2-3 out at first.
|
| Bottom of the 7th over - 0 runs, 0 hits, 0 errors, 0 left on base; University of Florida 5 - Redlands East Valley 0 |
| TOP OF THE 8TH |
|
University of Florida Gators batting - Pitching for Redlands East Valley Wildcats : RHP Tyler Van der Lugt
|
|
Now at 3B: Nick Pothier
|
|
|
Batting: RHB Manny Harrison
|
0-0: Ball 1-0: Called Strike 1-1: Ground out 4-3 (Groundball, 4, EV 86.2 MPH)
|
|
Batting: RHB Keith Kamerling
|
0-0: Called Strike 0-1: Ball 1-1: Ball 2-1: SINGLE (Groundball, 25, EV 65.6 MPH) (infield hit)
|
|
Batting: RHB Hiromichi Takamoto
|
0-0: Foul Ball, location: 2F 0-1: Called Strike 0-2: Foul Ball, location: 2F 0-2: Ball 1-2: Foul Ball, location: 2F 1-2: Fielders Choice at 2nd, 3-6 (Groundball, 23, EV 93.1 MPH)
|
|
Batting: RHB Dante Cossiga
|
0-0: Called Strike Hiromichi Takamoto steals 2nd base (no throw) 0-1: Foul Ball, location: 2F 0-2: Strikes out swinging
|
| Top of the 8th over - 0 runs, 1 hit, 0 errors, 1 left on base; University of Florida 5 - Redlands East Valley 0 |
| BOTTOM OF THE 8TH |
|
Redlands East Valley Wildcats batting - Pitching for University of Florida Gators : LHP Bill White
|
|
Batting: SHB John Loechel
|
0-0: Ball 1-0: Called Strike 1-1: Foul Ball, location: 2F 1-2: Reached on error, E6 (Groundball, 6, EV 85.6 MPH)
|
|
Batting: RHB Jeremy Evans
|
0-0: Swinging Strike 0-1: Grounds into double play, 4-6-3 (Groundball, 4S, EV 90.6 MPH)
|
|
Pinch Hitting: LHB John Blumberg
|
0-0: Ball 1-0: Swinging Strike 1-1: Ball 2-1: Called Strike 2-2: Ball 3-2: SINGLE (Groundball, 34D, EV 102.5 MPH)
|
|
Pinch Hitting: RHB Alex Rivas
|
0-0: Called Strike 0-1: Ball 1-1: Fly out, F9 (Flyball, 89S, EV 91.9 MPH)
|
| Bottom of the 8th over - 0 runs, 1 hit, 1 error, 1 left on base; University of Florida 5 - Redlands East Valley 0 |
| TOP OF THE 9TH |
|
University of Florida Gators batting - Pitching for Redlands East Valley Wildcats : RHP Tyler Van der Lugt
|
|
Pitching: RHP Lance Greven
|
|
|
Now at 1B: John Blumberg
|
|
|
Now at 2B: Alex Rivas
|
|
|
Pinch Hitting: LHB Jose Garcia
|
0-0: Ball 1-0: Ball 2-0: Called Strike 2-1: Foul Ball, location: 2F 2-2: Ball 3-2: Base on Balls
|
|
Pinch Hitting: RHB Vince Trussell
|
0-0: Ball 1-0: Called Strike 1-1: Ball 2-1: Foul Ball, location: 2F 2-2: Ball 3-2: Base on Balls Jose Garcia to second
|
|
Batting: SHB Michael Medina
|
0-0: Ball 1-0: Bunt missed! 1-1: Bunt missed! 1-2: Strikes out swinging
|
|
Batting: RHB Juan Lopez
|
0-0: Ball 1-0: Ball 2-0: Grounds into double play, 5-4-3 (Groundball, 56, EV 107.5 MPH)
|
| Top of the 9th over - 0 runs, 0 hits, 0 errors, 1 left on base; University of Florida 5 - Redlands East Valley 0 |
| BOTTOM OF THE 9TH |
|
Redlands East Valley Wildcats batting - Pitching for University of Florida Gators : LHP Bill White
|
|
Pitching: RHP Jeff Nadeau
|
|
|
Now at C: Angelo Rentas
|
|
|
Now in RF: Dave Newsome
|
|
|
Batting: RHB Joe McKinzie
|
0-0: Ball 1-0: Foul Ball, location: 2F 1-1: Reached on error, E6 (Groundball, 6, EV 101.9 MPH)
|
|
Batting: LHB Steve Lane
|
0-0: Called Strike 0-1: Fly out, F9 (Flyball, 9D, EV 92.5 MPH)
|
|
Batting: LHB Kris Zimbalist
|
0-0: Ball 1-0: Ball 2-0: Called Strike 2-1: Ball 3-1: Foul Ball, location: 2F 3-2: Base on Balls Joe McKinzie to second
|
|
Batting: RHB Justin Thomas
|
0-0: Foul Ball, location: 2F 0-1: Ball 1-1: Called Strike 1-2: Foul Ball, location: 2F 1-2: Strikes out swinging
|
|
Pinch Hitting: LHB Sean Jacobs
|
0-0: Foul Ball, location: 2F 0-1: Hit by Pitch Joe McKinzie to third Kris Zimbalist to second
|
|
Pinch Hitting: RHB Jim Cahan
|
0-0: Ball 1-0: Called Strike 1-1: Foul Ball, location: 2F 1-2: Foul Ball, location: 2F 1-2: Ball 2-2: Foul Ball, location: 2F 2-2: Reached on error, E4 (Groundball, 4D, EV 102.5 MPH) Joe McKinzie scores Kris Zimbalist to third Sean Jacobs to second
|
|
Pinch Hitting: LHB Mike Lauritsen
|
0-0: Ball 1-0: Foul Ball, location: 2F 1-1: Called Strike 1-2: Strikes out swinging
|
| Bottom of the 9th over - 1 run, 0 hits, 2 errors, 3 left on base; University of Florida 5 - Redlands East Valley 1 |
|